 Dungeon Crawl Stone Soup version 0.31-a0-965-g8a8ce12e04 (webtiles) character file.

Game seed: 16267283960975884407

107 Pixllover the Ruffian (level 4, -10/34 HPs)
             Began as a Gnoll Shapeshifter on Oct 26, 2023.
             Killed by divine providence
             ... invoked by an orc priest
              (14 damage)
             ... on level 3 of the Dungeon.
             The game lasted 00:05:44 (1671 turns).

Pixllover the Ruffian (Gnoll Shapeshifter)          Turns: 1671, Time: 00:05:44

Health: -10/34     AC:  2    Str: 15    XL:     4   Next: 85%
Magic:  5/5        EV: 13    Int:  9    God:
Gold:   72         SH:  0    Dex: 12    Spells: 5/5 levels left

rFire   . .          .
                       - Unarmed
rCold   . . .        (no shield)
rNeg    + . .        a - +0 animal skin
rPois   +            (helmet currently unavailable)
rElec   .            (cloak currently unavailable)
rCorr   .            (gloves currently unavailable)
SInv    .            (boots currently unavailable)
Will    +....        (no amulet)
Stlth   ++           h - ring "Balit" {rPois rN+ Will+}
HPRegen 0.25/turn    (no ring)
MPRegen 0.09/turn

%: no passive effects
@: beast-form
A: beast (slay +3), fangs 1, strong nose, distributed training
a: Begin Untransformation


You were on level 3 of the Dungeon.
You were a hulking beast.
You visited 1 branch of the dungeon, and saw 3 of its levels.

You collected 150 gold pieces.
You spent 78 gold pieces at shops.

Inventory:

Armour
 a - a +0 animal skin (worn)
Jewellery
 h - the ring "Balit" (left hand) {rPois rN+ Will+}
   (You acquired it on level 3 of the Dungeon)

   [ring of positive energy]

   rPois:     It protects you from poison rN+: It protects you from negative
   energy.
   Will+:     It increases your willpower.
 k - a ring of ice
Talismans
 c - a beast talisman
 d - a flux talisman
Scrolls
 i - a scroll of vulnerability
Potions
 b - a potion of lignification
 e - 2 potions of might
 f - a potion of attraction
 g - a potion of haste {unknown}
 j - 2 potions of curing
 l - a potion of heal wounds


   Skills:
 + Level 2.8 Fighting
 + Level 1.2 Short Blades
 + Level 1.2 Long Blades
 + Level 1.2 Axes
 + Level 1.2 Maces & Flails
 + Level 1.2 Polearms
 + Level 1.2 Staves
 + Level 1.2 Ranged Weapons
 + Level 1.2 Throwing
 + Level 1.2 Armour
 + Level 4.7 Dodging
 + Level 1.2 Stealth
 + Level 1.2 Shields
 + Level 6.6 Unarmed Combat
 + Level 1.2 Spellcasting
 + Level 1.0 Conjurations
 + Level 1.0 Hexes
 + Level 1.0 Summonings
 + Level 1.0 Necromancy
 + Level 1.0 Translocations
 + Level 1.0 Transmutations
 + Level 1.0 Fire Magic
 + Level 1.0 Ice Magic
 + Level 1.0 Air Magic
 + Level 1.0 Earth Magic
 + Level 1.0 Poison Magic
 + Level 1.4 Invocations
 + Level 1.2 Evocations
 + Level 6.6 Shapeshifting


You had 5 spell levels left.
You didn't know any spells.
Your spell library was empty.

Dungeon Overview and Level Annotations

Branches:
Dungeon (3/15)

Altars:

Shops:
D:1 ?   D:2 !


Innate Abilities, Weirdness & Mutations

You are a hulking beast.
Your limbs bulge with bestial killing power. (Slay +3)
You have very sharp teeth.
Your uncanny sense of smell can sniff out nearby items.
Your experience applies equally to all skills.


Message History

The ball python constricts you.
You punch the ball python!
You kill the ball python!
You punch the rat!
You kill the rat!
The orc hits you but does no damage.
Things that are here:
a rat corpse; an adder corpse You hit the orc.
The orc is almost dead.
The orc hits you with a +0 hand axe.
You hit the orc.
You kill the orc!
The orc priest invokes the aid of Beogh against you.
Beogh smites you!
You closely miss the orc. The orc closely misses you.
You hit the orc.
The orc is almost dead.
The orc hits you with a +2 short sword of freezing.
The orc freezes you.
* * * LOW HITPOINT WARNING * * *
The orc attacks as it pursues you! The orc barely misses you.
You punch the orc!
You kill the orc!
You barely miss the orc. The orc closely misses you.
You punch the orc!
You kill the orc!
The ball python bites you. The ball python grabs you.
The ball python constricts you.
You punch the ball python!
You kill the ball python!
You closely miss the orc. The orc barely misses you.
You punch the orc!
You kill the orc!
The orc priest invokes the aid of Beogh against you.
Beogh smites you!
* * * LOW HITPOINT WARNING * * *
The orc priest calls down the wrath of Beogh upon you.
Beogh smites you!
You die...

#.##........#
#..#
#.#########.##
##.# #.# #...#
#.# #.# #...#
#.# #.# #...#
#.# ##.## #..
#.# #.. #.#
#h# ##o# #..#
#.## #†# #w#
#.# #.# #.#


You could see a worm and an orc priest.

Vanquished Creatures
  An iguana (D:3)
  2 adders
  2 worms (D:2)
  6 orcs (D:3)
  A bat (D:2)
  7 endoplasms
  2 giant cockroaches
  7 goblins
  4 kobolds
  5 ball pythons
  3 frilled lizards
  11 rats
51 creatures vanquished.

Notes
Turn   | Place    | Note
-------+----------+-------------------------------------------
     0 | D:1      | Pixllover the Gnoll Shapeshifter began the quest for the
                  | Orb.
     0 | D:1      | Reached XP level 1. HP: 17/17 MP: 1/1
    95 | D:1      | Found Leotae's Magic Scroll Emporium.
   197 | D:1      | Reached XP level 2. HP: 20/23 MP: 2/2
   764 | D:2      | Found Pezeug's Distillery.
   777 | D:2      | Bought a potion of degeneration for 13 gold pieces
   777 | D:2      | Bought a potion of heal wounds for 65 gold pieces
   885 | D:2      | Reached XP level 3. HP: 23/28 MP: 2/4
   944 | D:2      | Reached skill level 1 in Invocations
  1195 | D:2      | Reached skill level 1 in Short Blades
  1195 | D:2      | Reached skill level 1 in Long Blades
  1195 | D:2      | Reached skill level 1 in Axes
  1195 | D:2      | Reached skill level 1 in Maces & Flails
  1195 | D:2      | Reached skill level 1 in Polearms
  1195 | D:2      | Reached skill level 1 in Staves
  1195 | D:2      | Reached skill level 1 in Ranged Weapons
  1195 | D:2      | Reached skill level 1 in Throwing
  1195 | D:2      | Reached skill level 1 in Armour
  1195 | D:2      | Reached skill level 1 in Stealth
  1195 | D:2      | Reached skill level 1 in Shields
  1195 | D:2      | Reached skill level 1 in Spellcasting
  1195 | D:2      | Reached skill level 1 in Evocations
  1308 | D:3      | Reached XP level 4. HP: 19/34 MP: 5/5
  1505 | D:3      | Reached skill level 1 in Conjurations
  1505 | D:3      | Reached skill level 1 in Hexes
  1505 | D:3      | Reached skill level 1 in Summonings
  1505 | D:3      | Reached skill level 1 in Necromancy
  1505 | D:3      | Reached skill level 1 in Translocations
  1505 | D:3      | Reached skill level 1 in Transmutations
  1505 | D:3      | Reached skill level 1 in Fire Magic
  1505 | D:3      | Reached skill level 1 in Ice Magic
  1505 | D:3      | Reached skill level 1 in Air Magic
  1505 | D:3      | Reached skill level 1 in Earth Magic
  1505 | D:3      | Reached skill level 1 in Poison Magic
  1645 | D:3      | Identified a scroll of acquirement
  1645 | D:3      | Acquired the ring "Balit" {rPois rN+ Will+}
  1671 | D:3      | Killed from afar by an orc priest

Illustrated notes

Levels and vault maps discovered:
D:1:      dpeg_arrival_prison, layout_rooms, serial_shops, shop, serial_glass,
          glass_columns_a, glass_columns_a, glass_columns_c, glass_columns_c,
          glass_columns_b, glass_columns_b, glass_columns_a, glass_columns_b,
          glass_columns_a, glass_columns_a, feat_on_display, item_on_display_a,
          item_on_display_b, item_on_display_a
D:2:      layout_loops_ring, serial_shops, shop
D:3:      layout_loops_ring, jmf_multi_god_temple2, grunt_ministairs_4,
          minmay_misc_feat_enclosed

Skill      XL: |  1  2  3  4 |
---------------+-------------+-----
Invocations    | 1 |  1.4
Short Blades   | 1 |  1.2
Long Blades    | 1 |  1.2
Axes           | 1 |  1.2
Maces & Flails | 1 |  1.2
Polearms       | 1 |  1.2
Staves         | 1 |  1.2
Ranged Weapons | 1 |  1.2
Throwing       | 1 |  1.2
Armour         | 1 |  1.2
Stealth        | 1 |  1.2
Shields        | 1 |  1.2
Spellcasting   | 1 |  1.2
Evocations     | 1 |  1.2
Conjurations   | 1 |  1.0
Hexes          | 1 |  1.0
Summonings     | 1 |  1.0
Necromancy     | 1 |  1.0
Translocations | 1 |  1.0
Transmutations | 1 |  1.0
Fire Magic     | 1 |  1.0
Ice Magic      | 1 |  1.0
Air Magic      | 1 |  1.0
Earth Magic    | 1 |  1.0
Poison Magic   | 1 |  1.0
Fighting       | |  2.8
Dodging        | |  4.7
Unarmed Combat | |  6.6
Shapeshifting  | |  6.6

Action                     |  1- 3 |  4- 6 || total
---------------------------+-------+-------++-------
  Melee: Unarmed           |    77 |    32 ||   109
         Bite              |     7 |       ||     7
         Punch             |     6 |     1 ||     7
    Use: Scroll            |     4 |     1 ||     5
         Potion            |       |     1 ||     1
   Stab: Sleeping          |     2 |       ||     2
 Armour: Animal skin       |    22 |    11 ||    33
  Dodge: Dodged            |    39 |    26 ||    65

Table legend: (Time is in decaauts)
 A = Elapsed time spent in this place.
 B = Non-inter-level travel time spent in this place.
 C = Inter-level travel time spent in this place.
 D = Time resting spent in this place.
 E = Time spent auto-exploring this place.
 F = Levels seen in this place.
 G = Mean time per level.
                   A        B        C        D        E       F      G
               +--------+--------+--------+--------+--------+-----+--------+
         Total |   1655 |   1628 |     27 |     29 |   1062 |   3 |  551.7 |
       Dungeon |   1655 |   1628 |     27 |     29 |   1062 |   3 |  551.7 |
               +--------+--------+--------+--------+--------+-----+--------+

Top non-repeatable levels by time:
     D:2: 627 daAuts
     D:1: 594 daAuts
     D:3: 434 daAuts
